 Dungeon Crawl Stone Soup version 0.17-a0-744-gaa96792 (console) character file.

65 Fusha the Vexing (level 3, 0/14 HPs)
             Began as a Felid Enchanter on Apr 21, 2015.
             Slain by Terence
             ... wielding a +0 trident
              (5 damage)
             ... on level 2 of the Dungeon.
             The game lasted 00:07:28 (3291 turns).

Fusha the Vexing (Felid Enchanter)                  Turns: 3291, Time: 00:07:29

Health: 0/14       AC:  1    Str:  4    XL:     3   Next: 92%
Magic:  3/7        EV: 19    Int: 16    God:
Gold:   139        SH:  0    Dex: 17    Spells: 2 memorised, 2 levels left
                                        Lives:  0   Deaths: 0

rFire  . . .     SeeInvis +       - Unarmed
rCold  . . .     Clarity  .     (armour unavailable)
rNeg   . . .     SustAb   .     (shield unavailable)
rPois  .         Gourm    .     (helmet unavailable)
rElec  .         Spirit   .     (cloak unavailable)
rCorr  .         Warding  .     (gloves unavailable)
rMut   .         Stasis   .     (boots unavailable)
MR     .....                    (no amulet)
Stlth  ++++......               (no ring)
                                (no ring)

@: quick, not resistant to hostile enchantments, stealthy
A: no armour, no weapons or thrown items, claws 1, fangs 3, see invisible,
carnivore 3, speed 1, shaggy fur 1, slow metabolism 1, sharp paws
a: no special abilities


You were on level 2 of the Dungeon.
You were very full.

You visited 1 branch of the dungeon, and saw 2 of its levels.

You collected 139 gold pieces.

Inventory:

Scrolls
 c - a scroll of random uselessness {unknown}
 d - 2 scrolls of identify {unknown}
 h - 2 scrolls of teleportation {unknown}
 i - a scroll of amnesia {unknown}
Potions
 e - 2 potions of invisibility {unknown}
 g - a potion of curing {unknown}
Books
 a - a book of Maledictions

   Spells                             Type                      Level
   a - Corona                         Hexes                        1
   b - Ensorcelled Hibernation        Hexes/Ice                    2
   c - Confuse                        Hexes                        3
   d - Tukima's Dance                 Hexes                        3
   e - Dazzling Spray                 Conjuration/Hexes            3
Comestibles
 b - 2 meat rations
 f - a royal jelly
 j - 2 chunks of flesh


   Skills:
 * Level 4.0 Dodging
 + Level 4.4 Stealth
 + Level 1.3 Unarmed Combat
 + Level 2.4 Spellcasting
 * Level 5.2 Hexes


You had 2 spell levels left.
You knew the following spells:

 Your Spells              Type           Power        Failure   Level  Hunger
a - Corona                Hex            ###....      2%          1    #......
b - Confuse               Hex            ###.....     10%         3    ###....


Dungeon Overview and Level Annotations

Branches:
Dungeon (2/15)

Altars:

Annotations:
D:2 Terence


Innate Abilities, Weirdness & Mutations

You cannot wear armour.
You are incapable of wielding weapons or throwing items.
You have sharp claws.
You have razor-sharp teeth.
You have supernaturally acute eyesight.
You are carnivorous and can eat meat at any time.
You cover ground quickly.
You are covered in fur (AC +1).
You have a slow metabolism.
Your sharp claws are effective at attacking unaware monsters.


Message History

Terence is moderately wounded.
You pounce on the helpless Terence from behind!
You claw Terence!
Terence begins to bleed from his wounds!
Terence is severely wounded.
Terence grins madly.
Terence seems less confused.
Terence hits you with a trident.
You barely miss Terence.
Terence is severely wounded.
Terence is no longer bleeding.
You scratch Terence.
Terence begins to bleed from his wounds!
Terence is almost dead.
Terence completely misses you.
You closely miss Terence. You bite Terence, but do no damage.
Terence is almost dead.
Terence hits you with a trident!
Ouch! That really hurt!
Terence hits you from afar with a trident.
You die...

#@# #..#######
#.####........##
#...###........# ###.#
#........# # #.#
#........#########.###.
#.#
#......................
#.#
##.......######.#######
#.# #......@# #.# #@#
#....@..# #.#
#>#######.#### #.#
#.....@....# #.#
#########..# #.# #..#
#.# #..# #.# #..# #.#
#..# #.# ###########..#
#.#


You could see Terence (bleeding).

Vanquished Creatures
  2 adders
  A worm (D:2)
  3 giant geckos
  5 giant cockroaches
  7 goblins
  4 hobgoblins (D:1)
  7 kobolds
  5 bats
  A giant newt (D:1)
  4 rats
39 creatures vanquished.

Notes
Turn   | Place    | Note
--------------------------------------------------------------
     0 | D:1      | Fusha, the Felid Enchanter, began the quest for the Orb.
     0 | D:1      | Reached XP level 1. HP: 7/7 MP: 4/4
   394 | D:1      | Reached XP level 2. HP: 11/11 MP: 4/6
  1666 | D:2      | Reached XP level 3. HP: 8/14 MP: 7/7
  2276 | D:2      | Noticed Terence
  2297 | D:2      | Learned a level 3 spell: Confuse
  2744 | D:1      | Reached skill level 5 in Hexes
  3291 | D:2      | Slain by Terence

Action                   || total
-------------------------++-------
Melee: Unarmed           ||   173
 Cast: Corona            ||     3
       Confuse           ||    12
 Stab: Sleeping          ||     6
       Confused          ||     2
       Distracted        ||     1
  Eat: Chunk             ||    13
